 Seeded DCSS version 0.30-a0-920-g7493c07aab (webtiles) character file.

Game seed: 3125986916090331667 (custom seed)

3 Parcival the Covered (level 1, 18/20 HPs)
             Began as a Minotaur Fighter on Mar 21, 2023.
             Quit the game on level 1 of the Dungeon.
             The game lasted 00:00:22 (27 turns).

Parcival the Covered (Minotaur Fighter)               Turns: 27, Time: 00:00:23

Health: 18/20      AC:  7    Str: 20    XL:     1   Next: 41%
Magic:  0/0        EV:  9    Int:  5    God:
Gold:   0          SH:  4    Dex:  9    Spells: 0/0 levels left

rFire   . . .      SeeInvis .    a - +0 war axe
rCold   . . .      Faith    .    c - +0 buckler
rNeg    . . .      Spirit   .    b - +0 scale mail
rPois   .          Reflect  .    (helmet restricted)
rElec   .          Rampage  .    (no cloak)
rCorr   .                        (no gloves)
Will    .....                    (no boots) Stlth
                                 (no amulet)
HPRegen 0.23/turn                (no ring)
MPRegen 0.07/turn                (no ring)

@: no status effects
A: horns 2, retaliatory headbutt
a: no special abilities


You were on level 1 of the Dungeon.
You visited 1 branch of the dungeon, and saw 1 of its levels.

Inventory:

Hand Weapons
 a - a +0 war axe (weapon)
Armour
 b - a +0 scale mail (worn)
 c - a +0 buckler (worn)
Scrolls
 e - a scroll of acquirement
Potions
 d - a potion of might


   Skills:
 + Level 3.7 Fighting
 + Level 2.4 Axes
 + Level 3.7 Armour
 + Level 3.7 Shields


You couldn't memorise any spells.
You didn't know any spells.
Your spell library was empty.

Dungeon Overview and Level Annotations

Branches:
Dungeon (1/15)

Altars:


Innate Abilities, Weirdness & Mutations

You have a pair of horns on your head.
You reflexively headbutt those who attack you in melee.


Message History

The endoplasm quivers.
Found a scroll labelled ROKLIF FIDEHY.
You block the goblin's attack.
A goblin comes into view. It is wielding a +0 club.
The goblin shouts!
The endoplasm hits you but does no damage.
The endoplasm attacks as you move away! The endoplasm closely misses you.
The goblin attacks as you move away! The goblin hits you but does no damage.
The goblin hits you with a +0 dagger. The endoplasm barely misses you.
You miss the goblin. Your headbutt misses the goblin.
You barely miss the goblin. You barely miss the endoplasm.
The goblin hits you but does no damage. The endoplasm closely misses you.
The goblin hits you with a +0 dagger. The goblin barely misses you.
The endoplasm attacks as you move away! You block the endoplasm's attack.
You see here a scroll labelled ROKLIF FIDEHY.
You miss the goblin. You hit the endoplasm. You barely miss the goblin.
You block the goblin's attack. The goblin hits you with a +0 dagger.
The endoplasm barely misses you.
You closely miss the goblin. You headbutt the goblin.
You kill the goblin!
You completely miss the endoplasm. You closely miss the goblin.
The goblin hits you but does no damage. The endoplasm barely misses you.
You furiously retaliate!
You headbutt the endoplasm!
You kill the endoplasm!
The goblin barely misses you. You furiously retaliate!
You headbutt the goblin. The goblin hits you but does no damage.
Things that are here:
a +0 club; a goblin corpse You hit the goblin but do no damage.
Your headbutt misses the goblin.
The goblin is severely wounded.
The goblin closely misses you.
You slash the goblin!
You kill the goblin!
e - a scroll labelled ROKLIF FIDEHY No target in view!
Nothing quivered!
Okay, then.
This is a scroll of acquirement!
Are you sure you want to abandon this character and quit the game? (Confirm with "yes".)

# .#.###### .#~
........# #.#~
###@####..+.
#.))......#~
#.......#.#~
.###....#....##
.........>.....#
..###.#.........
#.......####
#......##
####.###


There were no monsters in sight!

Vanquished Creatures
  An endoplasm (D:1)
  2 goblins (D:1)
3 creatures vanquished.

Notes
Turn   | Place    | Note
-------+----------+-------------------------------------------
     0 | D:1      | Parcival the Minotaur Fighter began the quest for the Orb.
     0 | D:1      | Reached XP level 1. HP: 19/19 MP: 0/0
    27 | D:1      | Identified a scroll of acquirement
    27 | D:1      | Quit the game

Illustrated notes

Levels and vault maps discovered:
D:1:      amcnicky_arrival_single_pillar, layout_loops_cross,
          hangedman_glass_garden

Action                     || total
---------------------------++-------
  Melee: War axe           ||     5
         Headbutt          ||     1
 Armour: Scale mail        ||     5
  Dodge: Dodged            ||     8
  Block: Buckler           ||     3

Table legend: (Time is in decaauts)
 A = Elapsed time spent in this place.
 B = Non-inter-level travel time spent in this place.
 C = Inter-level travel time spent in this place.
 D = Time resting spent in this place.
 E = Time spent auto-exploring this place.
 F = Levels seen in this place.
 G = Mean time per level.
                   A        B        C        D        E       F      G
               +--------+--------+--------+--------+--------+-----+--------+
         Total |     29 |     29 |      0 |      0 |      6 |   1 |   29.0 |
       Dungeon |     29 |     29 |      0 |      0 |      6 |   1 |   29.0 |
               +--------+--------+--------+--------+--------+-----+--------+

Top non-repeatable levels by time:
     D:1: 29 daAuts
